[ PARTIDA AOE2 · #505499718 ]
UnrankedMagiares vs Vikings
Equipo del jugador · DERR
Equipo rival · VICT
[ ANÁLISIS DE REPETICIÓN · EXTRAÍDO DE LA PARTIDA GRABADA ]
Feudal
8:53
Castillos
25:50
Imperial
—
| APM promedio | 61.4 |
| APM pico | 100 |
| eAPM promedio | 21.5 |
| Aldeanos / militares | 61 / 35 |
Foco
⚔️ 26.9% · 🌾 73.1%
Cavalry Archer ×18 · Scout Cavalry ×17
Feudal
10:41
Castillos
23:05
Imperial
—
| APM promedio | 39.8 |
| APM pico | 81 |
| eAPM promedio | 18.9 |
| Aldeanos / militares | 55 / 60 |
Foco
⚔️ 42.5% · 🌾 57.5%
Militia ×41 · Battering Ram ×8 · Spearman ×5 · Archer ×3 · Skirmisher ×3
Mapa de la partida
Recursos iniciales + cada clic de construcción. Líneas = muros · curvas = relieve. ◆ oro · ⬟ piedra · ● bayas · ✦ reliquia · ◌ hueco del cierre
Tu base· ✓ Cerrada en 25:50 · 29t muro · 1 puerta(s)
Base de noobyonee· ✓ Cerrada en 23:05 · 45t muro · 1 puerta(s)
Terreno inicial suavizado · ◌ = hueco del cierre detectado · pasá el cursor para detalles
Inputs por minuto
— Eren - - noobyonee
Build order — Eren
Primeras 150 de 190 acciones detectadas
| 0:03 | Encolar | Villager (Male) |
| 0:03 | Encolar | Villager (Male) |
| 0:03 | Encolar | Villager (Male) |
| 0:03 | Encolar | Villager (Male) |
| 0:03 | Construir | House |
| 0:04 | Construir | House |
| 1:09 | Encolar | Villager (Male) |
| 2:03 | Encolar | Villager (Male) |
| 2:27 | Encolar | Villager (Male) |
| 2:27 | Encolar | Villager (Male) |
| 2:35 | Construir | Lumber Camp |
| 2:48 | Encolar | Villager (Male) |
| 2:48 | Encolar | Villager (Male) |
| 3:34 | Construir | House |
| 3:39 | Encolar | Villager (Male) |
| 3:48 | Encolar | Villager (Male) |
| 4:22 | Encolar | Villager (Male) |
| 4:56 | Construir | Mill |
| 4:59 | Encolar | Villager (Male) |
| 5:16 | Encolar | Villager (Male) |
| 5:17 | Encolar | Villager (Male) |
| 5:17 | Investigar | Loom |
| 6:38 | Investigar | Feudal Age |
| 7:38 | Encolar | Villager (Male) |
| 7:38 | Encolar | Villager (Male) |
| 7:58 | Construir | Barracks |
| 8:21 | Construir | House |
| 8:25 | Construir | Palisade Wall |
| 8:26 | Construir | Palisade Wall |
| 8:26 | Construir | Palisade Wall |
| 8:53 | Edad | Edad Feudal |
| 9:26 | Encolar | Villager (Male) |
| 9:30 | Construir | Stable |
| 9:45 | Encolar | Villager (Male) |
| 9:49 | Investigar | Double-Bit Axe |
| 10:07 | Construir | House |
| 10:09 | Construir | Palisade Wall |
| 10:09 | Construir | Palisade Wall |
| 10:10 | Construir | Palisade Wall |
| 10:21 | Encolar | Villager (Male) |
| 10:23 | Construir | Farm |
| 10:25 | Construir | Farm |
| 10:40 | Encolar | Scout Cavalry |
| 10:40 | Encolar | Scout Cavalry |
| 10:48 | Encolar | Villager (Male) |
| 10:52 | Construir | Farm |
| 10:55 | Construir | Farm |
| 11:08 | Encolar | Villager (Male) |
| 11:12 | Construir | House |
| 11:16 | Construir | Palisade Wall |
| 11:28 | Encolar | Villager (Male) |
| 11:38 | Construir | Farm |
| 11:55 | Construir | Farm |
| 11:57 | Encolar | Villager (Male) |
| 11:59 | Encolar | Scout Cavalry |
| 12:28 | Encolar | Villager (Male) |
| 12:36 | Encolar | Scout Cavalry |
| 12:44 | Encolar | Villager (Male) |
| 12:49 | Construir | Lumber Camp |
| 12:53 | Construir | Farm |
| 13:04 | Encolar | Scout Cavalry |
| 13:10 | Construir | Farm |
| 13:20 | Encolar | Villager (Male) |
| 13:35 | Encolar | Villager (Male) |
| 13:42 | Construir | House |
| 13:43 | Construir | House |
| 13:45 | Construir | Palisade Wall |
| 13:48 | Encolar | Villager (Male) |
| 13:54 | Construir | Farm |
| 13:57 | Construir | Farm |
| 13:58 | Encolar | Villager (Male) |
| 14:27 | Investigar | Town Watch |
| 14:32 | Construir | House |
| 14:33 | Construir | House |
| 14:37 | Encolar | Scout Cavalry |
| 14:47 | Construir | Farm |
| 14:49 | Construir | Farm |
| 14:49 | Encolar | Villager (Male) |
| 14:51 | Construir | Farm |
| 14:56 | Construir | Farm |
| 15:04 | Encolar | Scout Cavalry |
| 15:26 | Encolar | Villager (Male) |
| 15:34 | Construir | Farm |
| 15:36 | Construir | Farm |
| 15:40 | Encolar | Scout Cavalry |
| 15:51 | Construir | House |
| 15:53 | Construir | Palisade Wall |
| 15:57 | Encolar | Villager (Male) |
| 16:05 | Construir | Blacksmith |
| 16:11 | Encolar | Villager (Male) |
| 16:13 | Construir | Farm |
| 16:18 | Encolar | Scout Cavalry |
| 16:37 | Encolar | Villager (Male) |
| 16:42 | Construir | Farm |
| 16:43 | Construir | Farm |
| 16:47 | Encolar | Scout Cavalry |
| 16:58 | Investigar | Scale Barding Armor |
| 17:10 | Encolar | Villager (Male) |
| 17:19 | Encolar | Scout Cavalry |
| 17:25 | Construir | Stable |
| 17:37 | Construir | House |
| 17:41 | Encolar | Villager (Male) |
| 17:50 | Encolar | Villager (Male) |
| 17:58 | Encolar | Scout Cavalry |
| 17:58 | Encolar | Scout Cavalry |
| 18:15 | Construir | Farm |
| 18:16 | Construir | Farm |
| 18:25 | Encolar | Scout Cavalry |
| 18:25 | Encolar | Scout Cavalry |
| 18:27 | Encolar | Villager (Male) |
| 18:43 | Encolar | Villager (Male) |
| 18:56 | Construir | Mining Camp |
| 18:58 | Encolar | Villager (Male) |
| 19:16 | Encolar | Villager (Male) |
| 19:23 | Construir | Palisade Wall |
| 19:25 | Construir | Palisade Wall |
| 19:40 | Construir | Watch Tower |
| 20:01 | Encolar | Villager (Male) |
| 20:23 | Encolar | Villager (Male) |
| 20:31 | Construir | Farm |
| 20:32 | Construir | Farm |
| 20:33 | Construir | Farm |
| 20:44 | Encolar | Villager (Male) |
| 20:48 | Construir | House |
| 20:49 | Construir | House |
| 20:54 | Construir | Farm |
| 21:09 | Encolar | Villager (Male) |
| 21:17 | Construir | Market |
| 21:39 | Encolar | Villager (Male) |
| 21:44 | Construir | Market |
| 21:51 | Encolar | Scout Cavalry |
| 21:51 | Encolar | Scout Cavalry |
| 22:04 | Construir | Farm |
| 22:05 | Encolar | Villager (Male) |
| 22:33 | Construir | Farm |
| 22:33 | Construir | Farm |
| 22:37 | Encolar | Villager (Male) |
| 22:54 | Construir | Farm |
| 23:10 | Investigar | Castle Age |
| 23:36 | Construir | Archery Range |
| 23:38 | Construir | Archery Range |
| 23:44 | Investigar | Fletching |
| 23:45 | Investigar | Padded Archer Armor |
| 24:01 | Construir | Palisade Gate |
| 24:10 | Investigar | Horse Collar |
| 24:26 | Encolar | Villager (Male) |
| 24:31 | Investigar | Gold Mining |
| 24:56 | Construir | House |
| 24:58 | Encolar | Villager (Male) |
| 25:15 | Construir | Archery Range |
Build order — noobyonee
Primeras 150 de 183 acciones detectadas
| 0:01 | Encolar | Villager (Male) |
| 0:02 | Encolar | Villager (Male) |
| 0:02 | Encolar | Villager (Male) |
| 0:03 | Construir | House |
| 0:05 | Construir | House |
| 0:10 | Encolar | Villager (Male) |
| 1:34 | Encolar | Villager (Male) |
| 2:01 | Construir | Lumber Camp |
| 2:03 | Encolar | Villager (Male) |
| 2:33 | Encolar | Villager (Male) |
| 2:48 | Encolar | Villager (Male) |
| 3:20 | Encolar | Villager (Male) |
| 3:44 | Encolar | Villager (Male) |
| 3:52 | Construir | House |
| 4:11 | Encolar | Villager (Male) |
| 4:26 | Construir | House |
| 4:34 | Encolar | Villager (Male) |
| 5:06 | Construir | Barracks |
| 5:11 | Encolar | Villager (Male) |
| 5:22 | Construir | Palisade Wall |
| 5:25 | Encolar | Villager (Male) |
| 5:51 | Encolar | Villager (Male) |
| 5:53 | Encolar | Villager (Male) |
| 6:02 | Encolar | Militia |
| 6:02 | Encolar | Militia |
| 6:28 | Encolar | Villager (Male) |
| 6:34 | Encolar | Militia |
| 6:34 | Encolar | Villager (Male) |
| 7:10 | Construir | Mill |
| 7:20 | Encolar | Villager (Male) |
| 7:44 | Investigar | Loom |
| 8:05 | Construir | Mining Camp |
| 8:31 | Investigar | Feudal Age |
| 9:01 | Encolar | Villager (Male) |
| 9:32 | Encolar | Militia |
| 9:55 | Construir | House |
| 10:38 | Construir | Palisade Gate |
| 10:41 | Edad | Edad Feudal |
| 10:43 | Construir | Archery Range |
| 10:44 | Encolar | Spearman |
| 10:46 | Encolar | Villager (Male) |
| 10:52 | Investigar | Double-Bit Axe |
| 11:10 | Encolar | Spearman |
| 11:16 | Encolar | Villager (Male) |
| 11:32 | Construir | Mill |
| 11:35 | Encolar | Archer |
| 11:39 | Encolar | Spearman |
| 11:45 | Construir | House |
| 12:05 | Encolar | Archer |
| 12:07 | Construir | Farm |
| 12:08 | Encolar | Villager (Male) |
| 12:14 | Construir | House |
| 12:21 | Construir | Farm |
| 12:28 | Construir | Palisade Wall |
| 12:35 | Construir | Palisade Wall |
| 12:37 | Construir | Palisade Wall |
| 12:38 | Construir | Palisade Wall |
| 12:39 | Construir | Palisade Wall |
| 12:41 | Construir | House |
| 12:49 | Encolar | Villager (Male) |
| 12:56 | Encolar | Villager (Male) |
| 13:04 | Encolar | Villager (Male) |
| 13:10 | Construir | Blacksmith |
| 13:14 | Investigar | Horse Collar |
| 13:21 | Construir | Farm |
| 13:28 | Construir | Palisade Wall |
| 13:40 | Encolar | Spearman |
| 13:45 | Construir | Farm |
| 13:49 | Encolar | Villager (Male) |
| 14:01 | Encolar | Skirmisher |
| 14:16 | Construir | Palisade Wall |
| 14:20 | Construir | Palisade Wall |
| 14:23 | Construir | Farm |
| 14:30 | Encolar | Villager (Male) |
| 14:36 | Construir | Farm |
| 14:40 | Construir | Farm |
| 14:43 | Construir | Farm |
| 14:47 | Construir | Palisade Wall |
| 14:50 | Encolar | Villager (Male) |
| 14:59 | Investigar | Fletching |
| 15:01 | Encolar | Archer |
| 15:04 | Construir | Farm |
| 15:06 | Construir | Farm |
| 15:17 | Construir | House |
| 15:33 | Encolar | Villager (Male) |
| 15:37 | Construir | Farm |
| 15:38 | Encolar | Spearman |
| 15:52 | Construir | House |
| 15:55 | Construir | Palisade Wall |
| 16:02 | Encolar | Villager (Male) |
| 16:11 | Investigar | Man-at-Arms (upgrade) |
| 16:25 | Encolar | Villager (Male) |
| 16:29 | Construir | Market |
| 16:40 | Investigar | Forging |
| 16:49 | Encolar | Villager (Male) |
| 16:56 | Construir | Palisade Wall |
| 17:03 | Encolar | Militia |
| 17:17 | Encolar | Villager (Male) |
| 17:19 | Construir | Farm |
| 17:23 | Construir | House |
| 17:24 | Construir | Palisade Wall |
| 17:33 | Construir | Farm |
| 17:47 | Encolar | Villager (Male) |
| 17:56 | Construir | Farm |
| 18:07 | Encolar | Villager (Male) |
| 18:07 | Encolar | Skirmisher |
| 18:08 | Encolar | Militia |
| 18:29 | Construir | Farm |
| 18:41 | Encolar | Villager (Male) |
| 18:44 | Investigar | Scale Mail Armor |
| 19:08 | Encolar | Skirmisher |
| 19:09 | Encolar | Militia |
| 19:10 | Encolar | Villager (Male) |
| 19:13 | Construir | Farm |
| 19:16 | Construir | House |
| 19:17 | Construir | Palisade Wall |
| 19:24 | Construir | Farm |
| 20:25 | Investigar | Castle Age |
| 20:38 | Encolar | Villager (Male) |
| 20:43 | Construir | Barracks |
| 20:48 | Construir | Palisade Wall |
| 20:49 | Encolar | Villager (Male) |
| 21:10 | Construir | Lumber Camp |
| 21:26 | Encolar | Villager (Male) |
| 21:58 | Encolar | Militia |
| 21:58 | Encolar | Militia |
| 22:01 | Construir | Barracks |
| 22:10 | Encolar | Villager (Male) |
| 22:20 | Construir | Farm |
| 22:24 | Encolar | Militia |
| 22:24 | Encolar | Militia |
| 22:25 | Encolar | Militia |
| 22:52 | Encolar | Militia |
| 22:52 | Encolar | Militia |
| 22:52 | Encolar | Militia |
| 22:53 | Encolar | Villager (Male) |
| 23:05 | Edad | Edad de los Castillos |
| 23:09 | Construir | Siege Workshop |
| 23:14 | Investigar | Long Swordsman (upgrade) |
| 23:15 | Investigar | Squires |
| 23:21 | Encolar | Villager (Male) |
| 23:29 | Encolar | Militia |
| 23:30 | Encolar | Militia |
| 23:32 | Encolar | Militia |
| 23:45 | Construir | House |
| 23:46 | Construir | House |
| 23:46 | Construir | House |
| 23:56 | Encolar | Battering Ram |
| 24:00 | Encolar | Militia |
| 24:01 | Encolar | Militia |
Cronología de la partida
| 5:06 | noobyonee · first_building Barracks |
| 5:22 | noobyonee · wall_segment Palisade Wall x1 |
| 7:58 | Eren · first_building Barracks |
| 8:25 | Eren · wall_segment Palisade Wall x1 |
| 8:26 | Eren · wall_segment Palisade Wall x1 |
| 8:26 | Eren · wall_segment Palisade Wall x1 |
| 8:53 | Eren · age_up feudal |
| 9:30 | Eren · first_building Stable |
| 10:09 | Eren · wall_segment Palisade Wall x1 |
| 10:09 | Eren · wall_segment Palisade Wall x1 |
| 10:10 | Eren · wall_segment Palisade Wall x2 |
| 10:41 | noobyonee · age_up feudal |
| 10:43 | noobyonee · first_building Archery Range |
| 11:16 | Eren · wall_segment Palisade Wall x12 |
| 12:28 | noobyonee · wall_segment Palisade Wall x1 |
| 12:35 | noobyonee · wall_segment Palisade Wall x1 |
| 12:37 | noobyonee · wall_segment Palisade Wall x1 |
| 12:38 | noobyonee · wall_segment Palisade Wall x1 |
| 12:39 | noobyonee · wall_segment Palisade Wall x2 |
| 13:28 | noobyonee · wall_segment Palisade Wall x5 |
| 13:45 | Eren · wall_segment Palisade Wall x8 |
| 14:16 | noobyonee · wall_segment Palisade Wall x1 |
| 14:20 | noobyonee · wall_segment Palisade Wall x1 |
| 14:47 | noobyonee · wall_segment Palisade Wall x5 |
| 15:53 | Eren · wall_segment Palisade Wall x1 |
| 15:55 | noobyonee · wall_segment Palisade Wall x2 |
| 16:56 | noobyonee · wall_segment Palisade Wall x6 |
| 17:24 | noobyonee · wall_segment Palisade Wall x5 |
| 19:17 | noobyonee · wall_segment Palisade Wall x5 |
| 19:23 | Eren · wall_segment Palisade Wall x1 |
| 19:25 | Eren · wall_segment Palisade Wall x1 |
| 20:48 | noobyonee · wall_segment Palisade Wall x8 |
| 23:05 | noobyonee · age_up castle |
| 23:09 | noobyonee · first_building Siege Workshop |
| 23:36 | Eren · first_building Archery Range |
| 24:50 | noobyonee · first_market_sell 100 food |
| 25:43 | noobyonee · first_market_buy 100 wood |
| 25:50 | Eren · age_up castle |
| 28:01 | Eren · wall_segment Stone Wall x3 |
| 28:49 | Eren · first_building Siege Workshop |
| 29:42 | Eren · resign |
[ ANÁLISIS IA · 1 CRÉDITO ]
¿Qué pasó realmente en esta partida?
Wolo.gg analiza cada decisión: build order, eco, micro, errores típicos por bracket. Análisis personalizado por WhatsApp o Discord en 30 segundos.
Guía civ
Magiares
Perfil
Jugador #23039326